 Dungeon Crawl Stone Soup version 0.27.1-2-g3b301248ec (webtiles) character file.

Game seed: 14897887439277529533

367 worthlessgem the Vexing (level 6, -1/48 HPs)
             Began as a Gnoll Arcane Marksman on Sept 30, 2021.
             Was an Initiate of Ashenzari.
             Engulfed by a cloud of flame (22 damage)
             ... on level 3 of the Dungeon.
             The game lasted 00:21:35 (4974 turns).

worthlessgem the Vexing (Gnoll Arcane Marksman)     Turns: 4974, Time: 00:21:35

Health: -1/48      AC:  7    Str: 10    XL:     6   Next: 69%
Magic:  7/12       EV: 13    Int: 25    God:    Ashenzari [......]
Gold:   25         SH:  0    Dex: 13    Spells: 1/13 levels left

rFire    . . .     SeeInvis .   q - +2 war axe (vamp)
rCold    . . .     Faith    .   (no shield)
rNeg     . . .     Spirit   .   d - +0 robe "Eternal With Me" {Range, Self} (curse)
rPois    .         Reflect  .   C - +0 helmet
rElec    .         Harm     .   s - +1 cloak
rCorr    .         Rampage  .   (no gloves)
Will     .....                  D - +1 pair of boots
Stlth    ++........             (no amulet)
HPRegen  0.16/turn              f - +6 ring of intelligence
MPRegen  0.13/turn              x - +6 ring of intelligence

@: wereblooded
A: fangs 1, strong nose, distributed training
a: Renounce Religion, Shatter the Chains


You were on level 3 of the Dungeon.
You worshipped Ashenzari.
Ashenzari was noncommittal.
You visited 2 branches of the dungeon, and saw 5 of its levels.

You collected 121 gold pieces.
You spent 96 gold pieces at shops.

Inventory:

Hand Weapons
 a - a +2 dagger of venom
 b - a +0 hunting sling
 q - a +2 vampiric war axe (weapon)
Missiles
 c - 3 throwing nets
 e - 35 arrows
 h - 14 sling bullets
 j - 2 boomerangs of dispersal
 n - 28 bolts
 u - 5 javelins (quivered)
 v - 140 stones
 B - 9 poisoned darts
Armour
 d - the cursed +0 robe "Eternal With Me" (worn) {Range, Self}

   It has a curse which improves the following skills: Ranged Combat: Slings,
   Bows, Crossbows and Throwing.
   Introspection: Fighting and Spellcasting.
 s - a +1 cloak (worn)
 C - a +0 helmet (worn)
 D - a +1 pair of boots (worn)
Jewellery
 f - a +6 ring of intelligence (left hand)
 x - a +6 ring of intelligence (right hand)
Scrolls
 i - 2 scrolls of immolation
 k - a scroll of vulnerability
 l - a scroll of summoning
 m - a scroll of magic mapping
 o - a scroll of identify
 r - a scroll of fog
 t - 3 scrolls of teleportation
 y - a scroll of fear
 E - a scroll of acquirement
 F - a scroll of silence
 G - a scroll of noise
Potions
 g - a potion of flight
 p - a potion of lignification
 w - a potion of attraction
 z - a potion of curing
 A - a potion of brilliance


   Skills:
 + Level 3.3(3.8) Fighting
 + Level 2.1 Short Blades
 + Level 2.1 Long Blades
 + Level 2.1 Axes
 + Level 2.1 Maces & Flails
 + Level 2.1 Polearms
 + Level 2.1 Staves
 + Level 2.1(2.5) Slings
 + Level 2.1(2.5) Bows
 + Level 2.1(2.5) Crossbows
 + Level 5.0(5.5) Throwing
 + Level 2.1 Armour
 + Level 5.0 Dodging
 + Level 2.1 Stealth
 + Level 2.1 Shields
 + Level 2.1 Unarmed Combat
 + Level 3.5(4.0) Spellcasting
 + Level 1.6 Conjurations
 + Level 5.7 Hexes
 + Level 1.6 Summonings
 + Level 1.6 Necromancy
 + Level 1.6 Translocations
 + Level 1.6 Transmutations
 + Level 1.6 Fire Magic
 + Level 1.6 Ice Magic
 + Level 1.6 Air Magic
 + Level 1.6 Earth Magic
 + Level 1.6 Poison Magic
 + Level 2.3 Invocations
 + Level 2.1 Evocations


You had one spell level left.
You knew the following spells:

 Your Spells              Type           Power      Damage    Failure   Level
a - Corona                Hex            36%        N/A       1%          1
b - Slow                  Hex            33%        N/A       1%          2
c - Inner Flame           Hex/Fire       23%        N/A       6%          3
d - Cause Fear            Hex            16%        N/A       9%          4
e - Wereblood             Tmut           13%        N/A       7%          2

Your spell library contained the following spells:

 Spells                   Type           Power      Damage    Failure   Level
 Portal Projectile        Hex/Tloc       46%        N/A       6%          3
 Corpse Rot               Necr/Air       N/A        N/A       7%          2
 Sublimation of Blood     Necr           6%         N/A       7%          2
 Fulminant Prism          Conj/Hex       11%        3d9       21%         4
 Dispel Undead            Necr           13%        3d9       41%         4
 Iskenderun's Mystic Bla  Conj/Tloc      13%        2d5       41%         4
 Lee's Rapid Deconstruct  Erth           6%         3d7*      77%         5
 Death Channel            Necr           6%         N/A       100%        6
 Summon Hydra             Summ           6%         N/A       100%        7


Dungeon Overview and Level Annotations

Branches:
Dungeon (4/15)             Temple (1/1) D:4

Altars:
Ashenzari
Cheibriados
Dithmenos
Elyvilon
Fedhas
Hepliaklqana
Makhleb
Qazlal
Ru
Trog
Uskayaw
Vehumet
Xom
Zin
The Shining One

Shops:
D:1 *

Annotations:
D:3 math4jedi's ghost, amateur MiBe


Innate Abilities, Weirdness & Mutations

You have very sharp teeth.
Your uncanny sense of smell can sniff out nearby items.
Your experience applies equally to all skills.


Message History

There is a stone staircase leading up here.
(D) Dungeon (T) Temple
Where to? (Enter - D:2, ? - help)
There is an escape hatch in the floor here.
There is a stone staircase leading down here.
You climb downwards.
Level annotation: 3 runed translucent doors, math4jedi's ghost, amateur MiBe
There is a stone staircase leading up here.
The kobold shouts!
The kobold shouts! x4
The kobold shouts!
There is a stone staircase leading down here.
The kobold shouts!
Casting: Wereblood (safe; 7% risk of failure)
Confirm with . or Enter, or press ? or * to list all spells.
Your blood is infused with primal strength.
Math4jedi's ghost shrieks, "I have seen your future, and it is all used up."
You open the gate. The kobold hits you but does no damage.
Casting: Wereblood (safe; 7% risk of failure)
Confirm with . or Enter, or press ? or * to list all spells.
Aiming: Inner Flame (dangerous; 6% risk of failure)
Press: ? - help, Shift-Dir - straight line, f - kobold
Aim: a kobold, wielding a +2 vampiric dagger (chance to affect: 90%)
The kobold is filled with an inner flame.
The kobold barely misses you.
You hit the kobold. You closely miss the kobold.
The kobold explodes!
The fiery explosion engulfs the kobold.
You kill the kobold!
The fiery explosion engulfs the kobold!!!
You kill the kobold!
The fiery explosion engulfs the kobold brigand!!!
You kill the kobold brigand!
The fiery explosion engulfs you!!
Ouch! That really hurt!
The fiery explosion engulfs the kobold!!
You kill the kobold!
You are engulfed in blazing flames.
You die...

#.# ##.....## #.#
#.#...#.#
#.###########⌠.#.#[⌠#
............#.#...#.#
#...##########..K..###
###.########.##KKW##.#
##........##...)§§K..#
.............>.§§#####
#########..##.##@#
#....# #..##.##.#
#.##.# #..##.##.#
..##.####..##.##.#
.......##..##.##.#
.....#.....##.##.#
######..##.##.##.#
##.....#.##.#
#.##..#.##.#


You could see math4jedi's ghost and 3 kobolds.

Vanquished Creatures
  An ogre (D:4)
  A kobold brigand (D:3)
  A water moccasin skeleton (D:4)
  A jelly (D:3)
  2 orc wizards
  4 gnolls (D:3)
  A howler monkey skeleton (D:4)
  An adder (D:3)
  An ufetubus (D:4)
  2 worms (D:2)
  4 dart slugs
  7 orcs (D:3)
  3 endoplasms (D:1)
  2 giant cockroaches
  9 goblins
  9 hobgoblins
  3 jackals (D:2)
  8 kobolds
  3 quokkas
  A ball python (D:4)
  4 bats
  2 frilled lizards
  7 rats
77 creatures vanquished.

Notes
Turn   | Place    | Note
-------+----------+-------------------------------------------
     0 | D:1      | worthlessgem the Gnoll Arcane Marksman began the quest for
                  | the Orb.
     0 | D:1      | Reached XP level 1. HP: 17/17 MP: 4/4
   416 | D:1      | Reached XP level 2. HP: 23/23 MP: 5/5
   418 | D:1      | Found Oliemn's Assorted Antiques.
   520 | D:1      | Learned a level 2 spell: Slow
   780 | D:1      | Reached XP level 3. HP: 27/28 MP: 4/7
   784 | D:1      | Learned a level 3 spell: Inner Flame
  1444 | D:2      | Reached skill level 1 in Invocations
  1854 | D:2      | Reached skill level 1 in Short Blades
  1854 | D:2      | Reached skill level 1 in Long Blades
  1854 | D:2      | Reached skill level 1 in Axes
  1854 | D:2      | Reached skill level 1 in Maces & Flails
  1854 | D:2      | Reached skill level 1 in Polearms
  1854 | D:2      | Reached skill level 1 in Staves
  1854 | D:2      | Reached skill level 1 in Slings
  1854 | D:2      | Reached skill level 1 in Bows
  1854 | D:2      | Reached skill level 1 in Crossbows
  1854 | D:2      | Reached skill level 1 in Armour
  1854 | D:2      | Reached skill level 1 in Stealth
  1854 | D:2      | Reached skill level 1 in Shields
  1854 | D:2      | Reached skill level 1 in Unarmed Combat
  1854 | D:2      | Reached skill level 1 in Evocations
  2068 | D:2      | Reached XP level 4. HP: 34/34 MP: 8/8
  2722 | D:4      | Reached skill level 1 in Conjurations
  2722 | D:4      | Reached skill level 1 in Summonings
  2722 | D:4      | Reached skill level 1 in Necromancy
  2722 | D:4      | Reached skill level 1 in Translocations
  2722 | D:4      | Reached skill level 1 in Transmutations
  2722 | D:4      | Reached skill level 1 in Fire Magic
  2722 | D:4      | Reached skill level 1 in Ice Magic
  2722 | D:4      | Reached skill level 1 in Air Magic
  2722 | D:4      | Reached skill level 1 in Earth Magic
  2722 | D:4      | Reached skill level 1 in Poison Magic
  2736 | D:4      | Reached XP level 5. HP: 37/40 MP: 6/9
  2755 | D:4      | Found a staircase to the Ecumenical Temple.
  2763 | Temple   | Entered the Ecumenical Temple
  2833 | Temple   | Became a worshipper of Ashenzari the Shackled
  3135 | D:3      | Learned a level 4 spell: Cause Fear
  3377 | D:3      | Reached XP level 6. HP: 47/47 MP: 1/10
  3585 | D:3      | Found a faded altar of an unknown god.
  3617 | D:3      | Found a runed translucent gate.
  3617 | D:3      | Found a runed translucent gate.
  3617 | D:3      | Found a runed translucent gate.
  3620 | D:3      | Noticed math4jedi's ghost (amateur MiBe)
  3919 | D:4      | Learned a level 2 spell: Wereblood
  4006 | D:4      | Reached skill level 5 in Throwing
  4006 | D:4      | Reached skill level 5 in Dodging
  4876 | D:1      | Bought a scroll labelled FAOBAT FAUPOA for 32 gold pieces
  4876 | D:1      | Bought a scroll labelled YBLAM GEOM for 32 gold pieces
  4876 | D:1      | Bought a scroll labelled LOIWA TOQUDD for 32 gold pieces
  4974 | D:3      | Engulfed by a cloud of flame

Illustrated notes

Levels and vault maps discovered:
D:1:      erik_arrival_blinker_ship, layout_basic, serial_shops,
          nicolae_shop_trees, minmay_split_cup_small
D:2:      layout_basic
D:3:      layout_basic, gammafunk_ghost_nasty_kobolds,
          shapermc_ecumenical_altar_mp_ritualfount, hangedman_decor_points
D:4:      layout_layer_cave, minmay_temple_entry_mist
Temple:   eino_wide_crystal_templ

Skill      XL: |  1  2  3  4  5  6 |
---------------+-------------------+-----
Invocations    | 1 2 |  2.3
Short Blades   | 1 2 |  2.1
Long Blades    | 1 2 |  2.1
Axes           | 1 2 |  2.1
Maces & Flails | 1 2 |  2.1
Polearms       | 1 2 |  2.1
Staves         | 1 2 |  2.1
Slings         | 1 2 |  2.1
Bows           | 1 2 |  2.1
Crossbows      | 1 2 |  2.1
Armour         | 1 2 |  2.1
Stealth        | 1 2 |  2.1
Shields        | 1 2 |  2.1
Unarmed Combat | 1 2 |  2.1
Evocations     | 1 2 |  2.1
Spellcasting   | 3 |  3.5
Conjurations   | 1 |  1.6
Summonings     | 1 |  1.6
Necromancy     | 1 |  1.6
Translocations | 1 |  1.6
Transmutations | 1 |  1.6
Fire Magic     | 1 |  1.6
Ice Magic      | 1 |  1.6
Air Magic      | 1 |  1.6
Earth Magic    | 1 |  1.6
Poison Magic   | 1 |  1.6
Fighting       | 3 |  3.3
Throwing       | 5 |  5.0
Dodging        | 5 |  5.0
Hexes          | |  5.7

Action                   |  1- 3 |  4- 6 || total
-------------------------+-------+-------++-------
Melee: Whip              |    16 |       ||    16
       Bite              |    11 |     7 ||    18
       Dagger            |    77 |    46 ||   123
       War axe           |    12 |    28 ||    40
       Punch             |       |     1 ||     1
 Fire: Hunting sling     |       |    31 ||    31
Throw: Javelin           |     2 |     2 ||     4
 Cast: Corona            |    25 |     6 ||    31
       Inner Flame       |       |     8 ||     8
       Slow              |       |     1 ||     1
       Wereblood         |       |     2 ||     2
Invok: Curse Item        |       |     1 ||     1
  Use: Scroll            |       |     2 ||     2
 Stab: Sleeping          |     2 |     1 ||     3
Armor: Robe              |    21 |    19 ||    40
Dodge: Dodged            |    66 |    64 ||   130
